 Dungeon Crawl Stone Soup version 0.28-a0-1374-ga75cb3825e (webtiles) character file.

Game seed: 3625108172631223843

970 sanka the Slasher (level 8, -2/67 HPs)
             Began as a Gnoll Cinder Acolyte on Dec 31, 2021.
             Was a High Priest of Ignis.
             Shot with an arrow by a centaur (10 damage)
             ... on level 6 of the Dungeon.
             The game lasted 00:08:23 (6891 turns).

sanka the Slasher (Gnoll Cinder Acolyte)            Turns: 6891, Time: 00:08:24

Health: -2/67      AC:  3    Str: 14    XL:     8   Next: 16%
Magic:  14/14      EV: 12    Int: 15    God:    Ignis [*****.]
Gold:   59         SH:  4    Dex:  8    Spells: 13/15 levels left

rFire   + + .      SeeInvis .   B - +1 scimitar (protect)
rCold   . . .      Faith    .   s - +0 buckler
rNeg    . . .      Spirit   .   b - +0 robe
rPois   .          Reflect  .   u - +0 helmet
rElec   .          Harm     .   (no cloak)
rCorr   .          Rampage  .   (no gloves)
Will    .....                   (no boots)
Stlth   ++........              w - amulet of magic regeneration
HPRegen 0.21/turn               (no ring)
MPRegen 0.54/turn               f - ring of protection from fire

@: no status effects
A: fangs 1, strong nose, distributed training
a: Renounce Religion, Fiery Armour, Foxfire Swarm, Rising Flame


You were on level 6 of the Dungeon.
You worshipped Ignis.
Ignis was extremely pleased with you.
You visited 2 branches of the dungeon, and saw 7 of its levels.

You collected 276 gold pieces.
You spent 217 gold pieces at shops.


Innate Abilities, Weirdness & Mutations

You have very sharp teeth.
Your uncanny sense of smell can sniff out nearby items.
Your experience applies equally to all skills.


   Skills:
 + Level 7.2 Fighting
 + Level 3.0 Short Blades
 + Level 7.2 Long Blades
 + Level 3.0 Axes
 + Level 3.0 Maces & Flails
 + Level 3.0 Polearms
 + Level 3.0 Staves
 + Level 3.0 Slings
 + Level 3.0 Bows
 + Level 3.0 Crossbows
 + Level 3.0 Throwing
 + Level 3.0 Armour
 + Level 3.0 Dodging
 + Level 3.0 Stealth
 + Level 3.0 Shields
 + Level 3.0 Unarmed Combat
 + Level 4.1 Spellcasting
 + Level 2.4 Conjurations
 + Level 2.4 Hexes
 + Level 2.4 Summonings
 + Level 2.4 Necromancy
 + Level 2.4 Translocations
 + Level 2.4 Transmutations
 + Level 6.0 Fire Magic
 + Level 2.4 Ice Magic
 + Level 2.4 Air Magic
 + Level 2.4 Earth Magic
 + Level 2.4 Poison Magic
 + Level 3.3 Invocations
 + Level 3.0 Evocations


You had 13 spell levels left.
You knew the following spells:

 Your Spells              Type           Power      Damage    Failure   Level
y - Scorch                Fire           42%        2d7       2%          2

Your spell library contained the following spells:

 Spells                   Type           Power      Damage    Failure   Level
 Static Discharge         Conj/Air       10%        N/A       11%         2
 Gell's Gravitas          Tloc           10%        N/A       22%         3
 Lesser Beckoning         Tloc           10%        N/A       22%         3
 Ozocubu's Armour         Ice            10%        N/A       22%         3
 Teleport Other           Tloc           10%        N/A       22%         3
 Lightning Bolt           Conj/Air       5%         1d17      90%         5
 Ozocubu's Refrigeration  Ice            5%         4d6       100%        7
 Maxwell's Capacitive Co  Air            5%         ∞         100%        8

Inventory:

Hand Weapons
 a - a -1 falchion of flaming
 B - a +1 scimitar of protection (weapon)
Missiles
 o - 8 poisoned darts
Armour
 b - a +0 robe (worn)
 s - a +0 buckler (worn)
 u - a +0 helmet (worn)
 C - a +0 cloak
Magical Staves
 y - a staff of poison
Jewellery
 f - a ring of protection from fire (right hand)
 w - an amulet of magic regeneration (around neck)
Scrolls
 g - a scroll of fear {unknown}
 j - 3 scrolls of enchant armour {unknown}
 k - 5 scrolls of teleportation {unknown}
 l - 2 scrolls of amnesia {unknown}
 m - 3 scrolls of identify {unknown}
 p - a scroll of fog {unknown}
 r - 2 scrolls of magic mapping {unknown}
 t - a scroll of holy word {unknown}
 x - a scroll of blinking {unknown}
 z - a scroll of immolation {unknown}
Potions
 c - a potion of cancellation {unknown}
 d - 2 potions of heal wounds {unknown}
 e - 2 potions of curing {unknown}
 h - 2 potions of might
 i - 3 potions of brilliance {unknown}
 n - a potion of attraction {unknown}
 q - a potion of mutation {unknown}
 v - a potion of invisibility {unknown}
 A - a potion of haste {unknown}

Dungeon Overview and Level Annotations

Branches:
Dungeon (6/15)             Temple (1/1) D:4

Altars:
Ashenzari
Cheibriados
Dithmenos
Elyvilon
Fedhas
Gozag
Hepliaklqana
Makhleb
Nemelex Xobeh
Okawaru
Qazlal
Ru
Sif Muna
Trog
Uskayaw
Vehumet
Wu Jian
Xom
Yredelemnul
Zin

Shops:
D:4 (

Annotations:
D:6 Edmund

▒.▒ ▒.▒▒.....▒ ▒.▒.▒▒ ▒.▒
▒.▒▒.....▒ ∆
▒▒.▒▒▒▒▒.▒▒.....▒▒▒▒.▒▒▒
..........'.............∆
▒▒▒▒▒▒▒▒.▒▒......▒▒▒(▒▒▒
∆ .........▒▒▒▒▒▒▒.▒
▒▒▒▒▒▒▒▒▒▒ ▒.▒▒▒+▒+▒▒
▒S▒....... ▒g▒.......
▒......... ▒▒........
▒........ ▒.▒▒+▒+▒▒ ▒.▒▒
▒▒▒▒▒▒▒▒c.▒.▒
▒....[.?....▒
▒........!..▒


You could see a water moccasin (wandering) and a centaur.


Message History

A centaur comes into view.
The centaur shouts!
The centaur wields a +0 shortbow.
The centaur shoots an arrow.
The arrow barely misses you.
You see here a scroll labelled PYJETW GARCHU.
The centaur shoots an arrow.
The arrow completely misses you.
The centaur shoots an arrow.
The arrow hits you!
Edmund the Younger comes into view.
He is wielding a +0 flail of protection and wearing a +1 leather armour of willpower.
Edmund shouts!
The centaur shoots an arrow.
The arrow hits you!
You see here a scroll labelled PYJETW GARCHU.
The centaur shoots an arrow.
The arrow hits you!
* * * LOW HITPOINT WARNING * * *
The centaur shoots an arrow.
The arrow hits you.
* * * LOW HITPOINT WARNING * * *
The centaur shoots an arrow.
The arrow hits you!
* * * LOW HITPOINT WARNING * * *
The centaur shoots an arrow.
The arrow hits you!
* * * LOW HITPOINT WARNING * * *
The centaur shoots an arrow.
The arrow hits you!
You die...

Action                   |  1- 3 |  4- 6 |  7- 9 || total
-------------------------+-------+-------+-------++-------
Melee: Falchion          |   104 |    48 |    84 ||   236
       Bite              |    12 |     2 |     6 ||    20
 Cast: Scorch            |       |    37 |    32 ||    69
 Stab: Sleeping          |       |     3 |     2 ||     5
       Distracted        |       |     2 |       ||     2
Armor: Robe              |    16 |    10 |    12 ||    38
Dodge: Dodged            |    50 |    27 |    38 ||   115
Block: Buckler           |       |     1 |     9 ||    10

Levels and vault maps discovered:
D:1:      wander_arrival_chamber, layout_basic
D:2:      layout_loops_ring, hellmonk_ecumenical_altar_run_dry,
          minmay_split_cup_large
D:3:      layout_basic, nicolae_figureground_sparkle
D:4:      layout_cave_pods, minmay_temple_entry_overgrown, serial_shops,
          kennysheep_little_box, hangedman_decor_lopped, minmay_misc_feat_alley,
          uniq_robin
D:5:      corexii_shack_village, layout_rooms
D:6:      layout_basic, uniq_edmund
Temple:   mainiacjoe_temple_cubbyholes

Notes
Turn   | Place    | Note
-------+----------+-------------------------------------------
     0 | D:1      | sanka the Gnoll Cinder Acolyte began the quest for the Orb.
     0 | D:1      | Reached XP level 1. HP: 23/23 MP: 4/4
   179 | D:1      | Reached XP level 2. HP: 23/29 MP: 5/5
   768 | D:1      | Reached XP level 3. HP: 31/35 MP: 7/7
   802 | D:1      | Learned a level 2 spell: Scorch
  1171 | D:1      | Reached skill level 1 in Invocations
  1653 | D:2      | Found a faded altar of an unknown god.
  1667 | D:2      | Reached skill level 1 in Short Blades
  1667 | D:2      | Reached skill level 1 in Axes
  1667 | D:2      | Reached skill level 1 in Maces & Flails
  1667 | D:2      | Reached skill level 1 in Polearms
  1667 | D:2      | Reached skill level 1 in Staves
  1667 | D:2      | Reached skill level 1 in Slings
  1667 | D:2      | Reached skill level 1 in Bows
  1667 | D:2      | Reached skill level 1 in Crossbows
  1667 | D:2      | Reached skill level 1 in Throwing
  1667 | D:2      | Reached skill level 1 in Armour
  1667 | D:2      | Reached skill level 1 in Dodging
  1667 | D:2      | Reached skill level 1 in Stealth
  1667 | D:2      | Reached skill level 1 in Shields
  1667 | D:2      | Reached skill level 1 in Unarmed Combat
  1667 | D:2      | Reached skill level 1 in Evocations
  1926 | D:2      | Reached XP level 4. HP: 41/41 MP: 8/8
  2096 | D:2      | Reached skill level 3 in Spellcasting
  2811 | D:3      | Reached skill level 1 in Conjurations
  2811 | D:3      | Reached skill level 1 in Hexes
  2811 | D:3      | Reached skill level 1 in Summonings
  2811 | D:3      | Reached skill level 1 in Necromancy
  2811 | D:3      | Reached skill level 1 in Translocations
  2811 | D:3      | Reached skill level 1 in Transmutations
  2811 | D:3      | Reached skill level 1 in Ice Magic
  2811 | D:3      | Reached skill level 1 in Air Magic
  2811 | D:3      | Reached skill level 1 in Earth Magic
  2811 | D:3      | Reached skill level 1 in Poison Magic
  3161 | D:6      | Reached XP level 5. HP: 16/47 MP: 0/9
  3461 | D:5      | Entered Level 5 of the Dungeon
  3650 | D:4      | Noticed an ice beast
  3656 | D:4      | Killed an ice beast
  3657 | D:4      | Reached skill level 2 in Invocations
  3657 | D:4      | Reached XP level 6. HP: 53/53 MP: 5/11
  3792 | D:4      | Reached skill level 2 in Short Blades
  3792 | D:4      | Reached skill level 2 in Axes
  3792 | D:4      | Reached skill level 2 in Maces & Flails
  3792 | D:4      | Reached skill level 2 in Polearms
  3792 | D:4      | Reached skill level 2 in Staves
  3792 | D:4      | Reached skill level 2 in Slings
  3792 | D:4      | Reached skill level 2 in Bows
  3792 | D:4      | Reached skill level 2 in Crossbows
  3792 | D:4      | Reached skill level 2 in Throwing
  3792 | D:4      | Reached skill level 2 in Armour
  3792 | D:4      | Reached skill level 2 in Dodging
  3792 | D:4      | Reached skill level 2 in Stealth
  3792 | D:4      | Reached skill level 2 in Shields
  3792 | D:4      | Reached skill level 2 in Unarmed Combat
  3792 | D:4      | Reached skill level 2 in Evocations
  4506 | D:4      | Reached XP level 7. HP: 59/59 MP: 12/12
  4718 | D:4      | Noticed Robin
  4854 | D:4      | Reached skill level 7 in Fighting
  4854 | D:4      | Reached skill level 7 in Long Blades
  4972 | D:4      | Killed Robin
  5070 | D:4      | Reached skill level 2 in Conjurations
  5070 | D:4      | Reached skill level 2 in Hexes
  5070 | D:4      | Reached skill level 2 in Summonings
  5070 | D:4      | Reached skill level 2 in Necromancy
  5070 | D:4      | Reached skill level 2 in Translocations
  5070 | D:4      | Reached skill level 2 in Transmutations
  5070 | D:4      | Reached skill level 2 in Ice Magic
  5070 | D:4      | Reached skill level 2 in Air Magic
  5070 | D:4      | Reached skill level 2 in Earth Magic
  5070 | D:4      | Reached skill level 2 in Poison Magic
  5287 | D:4      | Found Tuucoimubb's Antique Weapon Shop.
  5564 | D:4      | Found a staircase to the Ecumenical Temple.
  5576 | Temple   | Entered the Ecumenical Temple
  6024 | D:5      | Reached skill level 3 in Invocations
  6282 | D:5      | Reached skill level 4 in Spellcasting
  6295 | D:5      | Reached skill level 6 in Fire Magic
  6295 | D:5      | Reached XP level 8. HP: 67/67 MP: 5/14
  6662 | D:4      | Bought a runed scimitar for 217 gold pieces
  6784 | D:6      | Reached skill level 3 in Short Blades
  6784 | D:6      | Reached skill level 3 in Axes
  6784 | D:6      | Reached skill level 3 in Maces & Flails
  6784 | D:6      | Reached skill level 3 in Polearms
  6784 | D:6      | Reached skill level 3 in Staves
  6784 | D:6      | Reached skill level 3 in Slings
  6784 | D:6      | Reached skill level 3 in Bows
  6784 | D:6      | Reached skill level 3 in Crossbows
  6784 | D:6      | Reached skill level 3 in Throwing
  6784 | D:6      | Reached skill level 3 in Armour
  6784 | D:6      | Reached skill level 3 in Dodging
  6784 | D:6      | Reached skill level 3 in Stealth
  6784 | D:6      | Reached skill level 3 in Shields
  6784 | D:6      | Reached skill level 3 in Unarmed Combat
  6784 | D:6      | Reached skill level 3 in Evocations
  6881 | D:6      | Noticed Edmund
  6891 | D:6      | Shot with an arrow by a centaur

Vanquished Creatures
  A water moccasin (D:6)
  An ice beast (D:4)
  2 ogres (D:5)
  2 phantoms (D:4)
  A scorpion (D:4)
  A howler monkey (D:4)
  A jelly (D:5)
  2 bullfrog skeletons
  2 hounds
  Robin (D:4)
  3 adders
  4 gnolls
  A shadow imp (D:5)
  4 dart slugs
  A worm (D:3)
  9 orcs
  10 ball pythons
  9 endoplasms
  4 giant cockroaches
  17 goblins
  13 hobgoblins
  5 jackals
  10 kobolds
  A quokka (D:1)
  2 bats (D:1)
  3 frilled lizards
  6 rats
116 creatures vanquished.
